 Dungeon Crawl Stone Soup version 0.21-a0-510-g5070ee8bc0 (webtiles) character file.

1003 Kaname the Conjurer (level 8, 52/52 HPs)
             Began as a Demonspawn Wizard on Dec 1, 2017.
             Was an Initiate of Vehumet.
             Quit the game on level 6 of the Dungeon.
             The game lasted 00:21:51 (5972 turns).

Kaname the Conjurer (Demonspawn Wizard)             Turns: 5972, Time: 00:21:51

Health: 52/52      AC: 11    Str:  7    XL:     8   Next: 0%
Magic:  10/14      EV: 12    Int: 19    God:    Vehumet [......]
Gold:   218        SH:  0    Dex: 12    Spells: 6/15 levels left

rFire    + . .     SeeInvis .   t - +10 mace of Ikeazoak {crush, rElec rF+}
rCold    . . .     Gourm    .   (no shield)
rNeg     . . .     Faith    .   a - +0 robe
rPois    .         Spirit   .   r - +2 helmet
rElec    +         Reflect  .   s - +2 cloak
rCorr    .         Harm     .   (no gloves)
MR       .....                  G - +0 pair of boots
Stlth    ++........             (no amulet)
HPRegen  0.17/turn              y - -3 ring of intelligence (curse)
MPRegen  0.14/turn              (no ring)

@: no status effects
A: claws 2, icy blue scales 1, powered by pain 1
a: Renounce Religion


You were on level 6 of the Dungeon.
You worshipped Vehumet.
Vehumet was noncommittal.
You were not hungry.

You visited 1 branch of the dungeon, and saw 6 of its levels.

You collected 218 gold pieces.

Inventory:

Hand Weapons
 b - a +3 quarterstaff of chaos
 q - a +0 spear
 t - the +10 mace of Ikeazoak (weapon) {crush, rElec rF+}
   (You found it on level 4 of the Dungeon)

   It inflicts extra damage upon your enemies.
   It protects you from fire.
   It insulates you from electricity.
Armour
 a - a +0 robe (worn)
 h - a +0 pair of boots
 r - a +2 helmet (worn)
 s - a +2 cloak (worn)
 A - a cursed -1 robe
 G - a +0 pair of boots (worn)
Jewellery
 y - a cursed -3 ring of intelligence (left claw)
Wands
 z - a wand of paralysis (11)
Scrolls
 f - 2 scrolls of teleportation
 j - 2 scrolls of fear
 m - a scroll of blinking
 o - a scroll of immolation {unknown}
 p - a scroll of remove curse {unknown}
 u - a scroll of amnesia {unknown}
 v - a scroll of enchant weapon {unknown}
 w - 4 scrolls of identify {unknown}
 x - a scroll of magic mapping
 E - a scroll of enchant armour {unknown}
 F - a scroll of random uselessness {unknown}
Potions
 c - a potion of heal wounds {unknown}
 e - a potion of brilliance
 g - 2 potions of curing {unknown}
 k - 4 potions of agility {unknown}
 l - a potion of ambrosia {unknown}
 n - a potion of degeneration {unknown}
 B - a potion of haste {unknown}
Books
 D - a book of Misfortune

   Spells                             Type                      Level
   a - Confusing Touch                Hexes                        1
   b - Confuse                        Hexes                        3
   c - Gell's Gravitas                Translocation                3
   d - Petrify                        Transmutation/Earth          4
   e - Metabolic Englaciation         Hexes/Ice                    5
   f - Yara's Violent Unravelling     Hexes/Transmutation          5
Comestibles
 d - 5 bread rations
 i - 2 meat rations
 C - 2 chunks of flesh


   Skills:
 - Level 1.7 Dodging
 - Level 1.7 Stealth
 - Level 4.0 Spellcasting
 - Level 7.1 Conjurations
   Level 1.0 Summonings
 - Level 1.3 Translocations
 - Level 1.0 Fire Magic
 + Level 2.5 Air Magic
 - Level 3.2 Poison Magic


You had 6 spell levels left.
You knew the following spells:

 Your Spells              Type           Power        Failure   Level  Hunger
a - Magic Dart            Conj           ####         1%          1    None
b - Blink                 Tloc           N/A          12%         2    ##.....
c - Mephitic Cloud        Conj/Pois/Air  ###.....     7%          3    ###....
d - Conjure Flame         Conj/Fire      ###.....     8%          3    ###....


Dungeon Overview and Level Annotations

Branches:
Dungeon (6/15)
 Temple: D:4-7

Altars:
Makhleb
Nemelex Xobeh
Okawaru
Qazlal
Ru
Trog
Uskayaw
Vehumet
Xom

Shops:
D:6 ?


Innate Abilities, Weirdness & Mutations

You have very sharp fingernails.
You are partially covered in icy blue scales. (AC +2)
You sometimes gain a little power by taking damage.


Message History

The hound barks!
Casting: Magic Dart
Confirm with . or Enter, or press ? or * to list all spells.
Aiming: Magic Dart
Press: ? - help, Shift-Dir - straight line, f/p - hound
Aim: a hound (moderately wounded)
The magic dart hits the hound.
The hound is severely wounded.
Casting: Magic Dart
Confirm with . or Enter, or press ? or * to list all spells.
Aiming: Magic Dart
Press: ? - help, Shift-Dir - straight line, f/p - hound
Aim: a hound (severely wounded)
The magic dart hits the hound.
You kill the hound!
Vehumet accepts your kill.
You have reached level 8!
You feel clever.
Your demonic ancestry asserts itself...
Icy blue scales grow over part of your body.
Are you sure you want to abandon this character and quit the game? (Confirm with "yes".)

....#...#.....#
....#...#.....#...#
....#...#.....#...# #..
....#...#.....#...# ..
'####...##...###..# ### #.
.##########'####..##+#####..####.
.#.......#.....#......#..........
.#.......#.....#......#..........
.#.......#.....#@.....#..........
.#.......#.....#......#.>........
.#.......#....##......########...
.#.......#....##......##....##...
.#.......#.....#.................
.#......##.....#.................
........##)....#.................
...............'.................
..#............#...(..##....##...


There were no monsters in sight!

Vanquished Creatures
  Menkaure (D:4)
  An ogre (D:6)
  The ghost of sciencifying the Conjurer, an amateur DECj (D:3)
  An electric eel (D:6)
  A crimson imp (D:4)
  3 hounds
  2 orc priests
  A jelly (D:5)
  5 orc wizards
  Crazy Yiuf (D:2)
  2 bullfrog skeletons
  2 worker ants
  A hound skeleton (D:4)
  Robin (D:2)
  9 adders
  2 oozes
  An adder skeleton (D:4)
  7 worms
  4 leopard geckos
  11 orcs
  4 bats
  6 giant cockroaches
  9 goblins
  8 hobgoblins
  11 jackals
  7 kobolds
  4 quokkas
  6 frilled lizards
  20 rats
132 creatures vanquished.

Notes
Turn   | Place    | Note
-------+----------+-------------------------------------------
     0 | D:1      | Kaname the Demonspawn Wizard began the quest for the Orb.
     0 | D:1      | Reached XP level 1. HP: 13/13 MP: 4/4
   460 | D:1      | Reached skill level 2 in Conjurations
   560 | D:1      | Gained mutation: You have sharp fingernails. [demonic ancestry]
   560 | D:1      | Reached XP level 2. HP: 2/19 MP: 0/6
   778 | D:1      | Learned a level 2 spell: Blink
  1395 | D:2      | Reached skill level 3 in Conjurations
  1421 | D:2      | Gained mutation: You sometimes gain a little power by taking damage. [demonic ancestry]
  1421 | D:2      | Reached XP level 3. HP: 18/24 MP: 1/7
  1685 | D:2      | Learned a level 3 spell: Mephitic Cloud
  1864 | D:2      | Found a runed door.
  1921 | D:2      | Reached skill level 1 in Air Magic
  2049 | D:2      | Reached skill level 1 in Poison Magic
  2049 | D:2      | Gained mutation: You have very sharp fingernails. [demonic ancestry]
  2049 | D:2      | Reached XP level 4. HP: 23/30 MP: 0/8
  2134 | D:2      | Learned a level 3 spell: Conjure Flame
  2252 | D:2      | Noticed Robin
  2327 | D:2      | Killed Robin
  2716 | D:2      | Noticed Crazy Yiuf
  2719 | D:2      | Killed Crazy Yiuf
  2719 | D:2      | Reached skill level 4 in Conjurations
  2758 | D:2      | Reached XP level 5. HP: 35/35 MP: 3/9
  3123 | D:3      | Found a sparkling altar of Nemelex Xobeh.
  3124 | D:3      | Found a hide-covered altar of Uskayaw.
  3125 | D:3      | Found a stormy altar of Qazlal.
  3125 | D:3      | Found an iron altar of Okawaru.
  3223 | D:3      | Noticed sciencifying's ghost (amateur DECj)
  3331 | D:3      | Killed sciencifying's ghost
  3331 | D:3      | Reached skill level 5 in Conjurations
  3420 | D:3      | Reached XP level 6. HP: 32/41 MP: 10/10
  3465 | D:3      | Noticed a moth of wrath
  3468 | D:3      | Found a bloodstained altar of Trog.
  3803 | D:4      | Noticed Menkaure
  3844 | D:4      | Reached skill level 6 in Conjurations
  4054 | D:4      | Got a fine mace
  4055 | D:4      | Identified the +10 mace of Ikeazoak {crush, rElec rF+} (You found it on level 4 of the Dungeon)
  4159 | D:4      | Reached skill level 1 in Fire Magic
  4297 | D:4      | Reached skill level 1 in Translocations
  4323 | D:4      | Found a radiant altar of Vehumet.
  4325 | D:4      | Found a burning altar of Makhleb.
  4501 | D:4      | Reached XP level 7. HP: 34/46 MP: 7/13
  4792 | D:4      | Killed Menkaure
  4885 | D:4      | Became a worshipper of Vehumet
  4937 | D:5      | Entered Level 5 of the Dungeon
  5196 | D:5      | Reached skill level 7 in Conjurations
  5536 | D:6      | Found a bloodstained altar of Trog.
  5651 | D:6      | Found a sacrificial altar of Ru.
  5823 | D:6      | Found a shimmering altar of Xom.
  5945 | D:6      | Found Qoytucali's Magic Scroll Emporium.
  5971 | D:6      | Gained mutation: You are partially covered in icy blue scales. (AC +2) [demonic ancestry]
  5971 | D:6      | Reached XP level 8. HP: 52/52 MP: 10/14
  5972 | D:6      | Quit the game

Vault maps used:
D:1:      evilmike_arrival_plus, minmay_rat_gold_closets
D:2:      first_bread, uniq_robin, uniq_crazy_yiuf_cottage
D:3:      tgw_trog, chequers_temple_overflow_statue_of_worship
D:4:      grunt_temple_overflow_lords_of_destruction, uniq_menkaure
D:6:      kennysheep_little_box, nicolae_ru_awakened_eye, serial_shops,
          nicolae_shop_waterfront, trog_three_pillars_becter

Skill      XL: |  1  2  3  4  5  6  7 |
---------------+----------------------+-----
Conjurations   | 2 3 4 5 6 7 |  7.1
Air Magic      | 1 2 |  2.5
Poison Magic   | 1 3 |  3.2
Spellcasting   | 4 |  4.0
Fire Magic     | 1 |  1.0
Translocations | 1 |  1.3
Dodging        | |  1.7
Stealth        | |  1.7
Summonings     | |  1.0

Action                   |  1- 3 |  4- 6 |  7- 9 || total
-------------------------+-------+-------+-------++-------
Melee: Unarmed           |    46 |     4 |       ||    50
       Spear             |       |    10 |       ||    10
       Quarterstaff      |       |    76 |       ||    76
       Mace              |       |    26 |    32 ||    58
 Cast: Magic Dart        |   101 |   118 |    25 ||   244
       Mephitic Cloud    |       |     6 |     1 ||     7
       Conjure Flame     |       |     1 |     2 ||     3
Evoke: Wand              |       |       |     2 ||     2
  Use: Scroll            |       |     3 |     1 ||     4
       Potion            |       |     1 |       ||     1
 Stab: Confused          |       |     1 |       ||     1
       Sleeping          |       |     1 |       ||     1
       Paralysed         |       |       |     4 ||     4
  Eat: Chunk             |     3 |     9 |     5 ||    17
Armor: Robe              |    39 |    44 |    13 ||    96
Dodge: Dodged            |    60 |    79 |    11 ||   150

Table legend:
 A = Spawn XP
 B = Non-spawn XP
 C = Spawn XP percentage of total XP
 D = Spawn monster count
 E = Non-spawn monster count
 F = Spawn count percentage of total count
 G = Total turns spent on level
                    A         B        C        D         E        F      G
               +---------+---------+-------+---------+---------+-------+---------
         Total |       0 |    1434 |   0.0 |       0 |     132 |   0.0 |  5972
               +---------+---------+-------+---------+---------+-------+---------
           D:1 |       0 |      30 |   0.0 |       0 |      22 |   0.0 |  1527
           D:2 |       0 |     176 |   0.0 |       0 |      35 |   0.0 |  1587
           D:3 |       0 |     252 |   0.0 |       0 |      42 |   0.0 |   710
           D:4 |       0 |     578 |   0.0 |       0 |      21 |   0.0 |  1134
           D:5 |       0 |     147 |   0.0 |       0 |       6 |   0.0 |   533
           D:6 |       0 |     251 |   0.0 |       0 |       6 |   0.0 |   481
               +---------+---------+-------+---------+---------+-------+---------
